GLBL
TORONTO MAPLES @ CHICAGO ARCHITECTS
04/19/2049
 
TOP OF THE 1ST
Toronto Maples batting - Pitching for Chicago Architects : RHP Marcos Guzmán
Pitching: RHP Marcos Guzmán
Batting: RHB Paul Corrigan 0-0: Ball
1-0: Ball
2-0: Ball
3-0: Base on Balls
Batting: RHB José Ramírez 0-0: Fly out, F8 (Flyball, 8RM, EV 90.0 MPH)
Batting: LHB Brett Collins 0-0: Called Strike
Paul Corrigan steals 2nd base (no throw)
0-1: SINGLE (Groundball, 4MD, EV 107.5 MPH)
Paul Corrigan to third
Runner from 3rd tries for Home, throw by CF and OUT! 8-2
Brett Collins to second
Batting: RHB Gerald Powers 0-0: Called Strike
0-1: Ground out 6-3 (Groundball, 6, EV 105.6 MPH)
Top of the 1st over - 0 runs, 1 hit, 0 errors, 1 left on base; Toronto 0 - Chicago 0
BOTTOM OF THE 1ST
Chicago Architects batting - Pitching for Toronto Maples : LHP Júlio Castro
Pitching: LHP Júlio Castro
Batting: RHB Kent Noseworthy 0-0: Called Strike
0-1: Foul Ball, location: 5SF
0-2: Ball
1-2: Ball
2-2: Strikes out looking
Batting: RHB António Méndez 0-0: Ball
1-0: Ground out 6-3 (Groundball, 6M, EV 82.5 MPH)
Batting: RHB Armando Gutiérrez 0-0: Called Strike
0-1: Ground out 6-3 (Groundball, 6, EV 80.0 MPH)
Bottom of the 1st over - 0 runs, 0 hits, 0 errors, 0 left on base; Toronto 0 - Chicago 0
TOP OF THE 2ND
Toronto Maples batting - Pitching for Chicago Architects : RHP Marcos Guzmán
Batting: RHB John McIlmoyle 0-0: Called Strike
0-1: Foul Ball, location: 2F
0-2: Ground out 4-3 (Groundball, 4MD, EV 80.6 MPH)
Batting: LHB Lloyd Wilcox 0-0: Foul Ball, location: 7LMF
0-1: Swinging Strike
0-2: Strikes out swinging
Batting: LHB Marcos González 0-0: Ball
1-0: Swinging Strike
1-1: Ball
2-1: Foul Ball, location: 7LSF
2-2: Strikes out swinging
Top of the 2nd over - 0 runs, 0 hits, 0 errors, 0 left on base; Toronto 0 - Chicago 0
BOTTOM OF THE 2ND
Chicago Architects batting - Pitching for Toronto Maples : LHP Júlio Castro
Batting: RHB Daniel Huffman 0-0: Ball
1-0: Swinging Strike
1-1: Called Strike
1-2: Ball
2-2: Foul Ball, location: 2F
2-2: Fly out, F8 (Flyball, 78D, EV 95.6 MPH)
Batting: RHB Richard Alexander 0-0: Ball
1-0: Fly out, F8 (Flyball, 8RD, EV 106.3 MPH)
Batting: RHB Ollie Lepage 0-0: DOUBLE (Flyball, 89D, EV 105.6 MPH)
Batting: LHB Milovan Jevtic 0-0: Called Strike
0-1: Swinging Strike
0-2: Ball
1-2: Strikes out swinging
Bottom of the 2nd over - 0 runs, 1 hit, 0 errors, 1 left on base; Toronto 0 - Chicago 0
TOP OF THE 3RD
Toronto Maples batting - Pitching for Chicago Architects : RHP Marcos Guzmán
Batting: RHB Kelly Kennealy 0-0: Ball
1-0: Foul Ball, location: 5FF
1-1: DOUBLE (Flyball, 78XD, EV 99.4 MPH) - OUT at third base trying to stretch hit.
Batting: LHB Júlio Castro 0-0: Called Strike
0-1: Ball
1-1: Foul Ball, location: 7LDF
1-2: Foul Ball, location: 3F
1-2: Ground out 4-3 (Groundball, 4M, EV 105.0 MPH)
Batting: RHB Paul Corrigan 0-0: Ball
1-0: Ball
2-0: Ball
3-0: Base on Balls
Batting: RHB José Ramírez 0-0: Ball
1-0: Ball
Paul Corrigan steals 2nd base
2-0: Foul Ball, location: 9LSF
2-1: SINGLE (Line Drive, 8RS, EV 87.5 MPH)
Paul Corrigan to third
Runner from 3rd tries for Home, SAFE, throw by CF to home
Batting: LHB Brett Collins 0-0: Foul Ball, location: 7LDF
0-1: Called Strike
0-2: Ball
1-2: Ball
2-2: Ball
3-2: Fly out, F8 (Flyball, 78M, EV 94.4 MPH)
Top of the 3rd over - 1 run, 2 hits, 0 errors, 1 left on base; Toronto 1 - Chicago 0
BOTTOM OF THE 3RD
Chicago Architects batting - Pitching for Toronto Maples : LHP Júlio Castro
Batting: SHB Alejandro Colón 0-0: Called Strike
0-1: Foul Ball, location: 5F
0-2: Strikes out looking
Batting: RHB Marcos Guzmán 0-0: Ball
1-0: Called Strike
1-1: Swinging Strike
1-2: Foul Ball, location: 7LMFF
1-2: Strikes out swinging
Batting: RHB Kent Noseworthy 0-0: SINGLE (Groundball, 5S, EV 68.8 MPH) (infield hit)
Batting: RHB António Méndez 0-0: Ball
1-0: DOUBLE (Flyball, 8LXD, EV 93.8 MPH)
Kent Noseworthy to third
Batting: RHB Armando Gutiérrez 0-0: Ball
1-0: Called Strike
1-1: Ball
2-1: Foul Ball, location: 9LDF
2-2: Ball
3-2: Ground out 4-3 (Groundball, 4M, EV 86.9 MPH)
Bottom of the 3rd over - 0 runs, 2 hits, 0 errors, 2 left on base; Toronto 1 - Chicago 0
TOP OF THE 4TH
Toronto Maples batting - Pitching for Chicago Architects : RHP Marcos Guzmán
Batting: RHB Gerald Powers 0-0: Ball
1-0: Ball
2-0: Foul Ball, location: 2F
2-1: Swinging Strike
2-2: Strikes out swinging
Batting: RHB John McIlmoyle 0-0: Ball
1-0: Ball
2-0: SINGLE (Line Drive, 9S, EV 96.3 MPH)
Batting: LHB Lloyd Wilcox 0-0: Fly out, F9 (Flyball, 9D, EV 98.1 MPH)
Batting: LHB Marcos González 0-0: Fly out, F9 (Flyball, 9LM, EV 88.1 MPH)
Top of the 4th over - 0 runs, 1 hit, 0 errors, 1 left on base; Toronto 1 - Chicago 0
BOTTOM OF THE 4TH
Chicago Architects batting - Pitching for Toronto Maples : LHP Júlio Castro
Batting: RHB Daniel Huffman 0-0: Ball
1-0: Fly out, F2 (Popup, 3SF, EV 66.9 MPH)
Batting: RHB Richard Alexander 0-0: Swinging Strike
0-1: Ball
1-1: Swinging Strike
1-2: Ball
2-2: Foul Ball, location: 2F
2-2: SINGLE (Groundball, 56, EV 81.9 MPH)
Batting: RHB Ollie Lepage 0-0: Ball
1-0: Ball
2-0: SINGLE (Flyball, 56D, EV 88.8 MPH)
Richard Alexander to second
Batting: LHB Milovan Jevtic 0-0: Ball
1-0: Ball
2-0: DOUBLE (Groundball, 3D, EV 103.8 MPH)
Richard Alexander scores
Ollie Lepage to third
Batting: SHB Alejandro Colón 0-0: Ball
1-0: Called Strike
1-1: Fly out, F7 (Line Drive, 7, EV 89.4 MPH)
Runner from 3rd tags up, SCORES, throw by LF
Batting: RHB Marcos Guzmán 0-0: Foul Ball, location: 9LSF
0-1: Ball
1-1: Foul Ball, location: 3SF
1-2: Strikes out swinging
Bottom of the 4th over - 2 runs, 3 hits, 0 errors, 1 left on base; Toronto 1 - Chicago 2
TOP OF THE 5TH
Toronto Maples batting - Pitching for Chicago Architects : RHP Marcos Guzmán
Batting: RHB Kelly Kennealy 0-0: Ball
1-0: Ball
2-0: Ball
3-0: TRIPLE (Line Drive, 9D, EV 105.0 MPH)
Batting: LHB Júlio Castro 0-0: Ball
1-0: Called Strike
1-1: Ball
2-1: Swinging Strike
2-2: Fly out, F9 (Flyball, 9S, EV 83.8 MPH)
Batting: RHB Paul Corrigan 0-0: Called Strike
0-1: Ball
1-1: Ball
2-1: SINGLE (Line Drive, 8LS, EV 107.5 MPH)
Kelly Kennealy scores
Batting: RHB José Ramírez 0-0: Called Strike
Paul Corrigan steals 2nd base
0-1: Swinging Strike
0-2: Foul Ball, location: 9LMF
0-2: Ball
1-2: Ground out 6-3 (Groundball, 6, EV 83.8 MPH)
Paul Corrigan to third
Batting: LHB Brett Collins 0-0: Foul Ball, location: 25F
0-1: Ball
1-1: Ball
2-1: 2-RUN HOME RUN (Flyball, 9D, EV 93.1 MPH), Distance : 370 ft
Batting: RHB Gerald Powers 0-0: Called Strike
0-1: Ball
1-1: Called Strike
1-2: Strikes out swinging
Top of the 5th over - 3 runs, 3 hits, 0 errors, 0 left on base; Toronto 4 - Chicago 2
BOTTOM OF THE 5TH
Chicago Architects batting - Pitching for Toronto Maples : LHP Júlio Castro
Batting: RHB Kent Noseworthy 0-0: SINGLE (Groundball, 5D, EV 107.5 MPH) (infield hit)
Batting: RHB António Méndez 0-0: Ball
1-0: Foul Ball, location: 2F
1-1: Swinging Strike
1-2: Ground out 6-3 (Groundball, P, EV 84.4 MPH)
Kent Noseworthy to second
Batting: RHB Armando Gutiérrez 0-0: Called Strike
0-1: Foul Ball, location: 9LSF
0-2: Foul Ball, location: 5F
0-2: Ball
1-2: Strikes out swinging
Batting: RHB Daniel Huffman 0-0: Called Strike
0-1: Ball
1-1: Foul Ball, location: 3DF
1-2: Strikes out looking
Bottom of the 5th over - 0 runs, 1 hit, 0 errors, 1 left on base; Toronto 4 - Chicago 2
TOP OF THE 6TH
Toronto Maples batting - Pitching for Chicago Architects : RHP Marcos Guzmán
Pitching: RHP Bill Hinxman
Batting: RHB John McIlmoyle 0-0: Ball
1-0: Ball
2-0: Ball
3-0: Called Strike
3-1: Foul Ball, location: 2F
3-2: Strikes out swinging
Batting: LHB Lloyd Wilcox 0-0: Swinging Strike
0-1: Swinging Strike
0-2: Ball
1-2: Fly out, F7 (Line Drive, 7, EV 90.0 MPH)
Batting: LHB Marcos González 0-0: Called Strike
0-1: Foul Ball, location: 9LSF
0-2: Strikes out looking
Top of the 6th over - 0 runs, 0 hits, 0 errors, 0 left on base; Toronto 4 - Chicago 2
BOTTOM OF THE 6TH
Chicago Architects batting - Pitching for Toronto Maples : LHP Júlio Castro
Batting: RHB Richard Alexander 0-0: SINGLE (Line Drive, 56D, EV 98.8 MPH)
Batting: RHB Ollie Lepage 0-0: Ball
1-0: Called Strike
1-1: SINGLE (Line Drive, 89M, EV 104.4 MPH)
Richard Alexander to second
Batting: LHB Milovan Jevtic 0-0: Ball
1-0: Ball
2-0: Called Strike
2-1: Foul Ball, location: 2F
2-2: Fly out, F2 (Popup, 13S, EV 90.6 MPH)
Batting: SHB Alejandro Colón 0-0: Fielders Choice at 2nd, 4-6 (Groundball, 13, EV 83.8 MPH)
Richard Alexander to third
Pinch Hitting: LHB Matt Graves 0-0: Foul Ball, location: 2F
0-1: Called Strike
0-2: Ball
1-2: Ball
2-2: Foul Ball, location: 5SF
2-2: Foul Ball, location: 7LDF
2-2: Ground out 4-3 (Groundball, 4, EV 81.9 MPH)
Bottom of the 6th over - 0 runs, 2 hits, 0 errors, 2 left on base; Toronto 4 - Chicago 2
TOP OF THE 7TH
Toronto Maples batting - Pitching for Chicago Architects : RHP Bill Hinxman
Pitching: RHP Hai-feng Jiao
Batting: RHB Kelly Kennealy 0-0: Ground out 5-3 (Groundball, 56D, EV 101.3 MPH)
Pinch Hitting: RHB António Pérez 0-0: Called Strike
0-1: Foul Ball, location: 9LDF
0-2: Ground out 5-3 (Groundball, 56, EV 94.4 MPH)
Batting: RHB Paul Corrigan 0-0: Fly out, F7 (Flyball, 78D, EV 98.8 MPH)
Top of the 7th over - 0 runs, 0 hits, 0 errors, 0 left on base; Toronto 4 - Chicago 2
BOTTOM OF THE 7TH
Chicago Architects batting - Pitching for Toronto Maples : LHP Júlio Castro
Pitching: RHP Marx Kila
Batting: RHB Kent Noseworthy 0-0: Ball
1-0: SINGLE (Line Drive, 5D, EV 100.0 MPH)
Batting: RHB António Méndez 0-0: Called Strike
0-1: Ball
1-1: Fielders Choice at 2nd, 3-6 (Groundball, 3, EV 90.0 MPH)
Batting: RHB Armando Gutiérrez 0-0: SINGLE (Groundball, 34D, EV 99.4 MPH) (infield hit)
António Méndez to second
Batting: RHB Daniel Huffman 0-0: Ball
1-0: Called Strike
1-1: Ball
2-1: Ball
3-1: Called Strike
3-2: Fielders Choice at 2nd, U4 (Groundball, 4M, EV 90.0 MPH)
António Méndez to third
Pinch Hitting: LHB Dwayne Adams 0-0: Ball
1-0: Ball
2-0: Fly out, F9 (Flyball, 9, EV 97.5 MPH)
Bottom of the 7th over - 0 runs, 2 hits, 0 errors, 2 left on base; Toronto 4 - Chicago 2
TOP OF THE 8TH
Toronto Maples batting - Pitching for Chicago Architects : RHP Hai-feng Jiao
Pitching: RHP Emmett Dodman
Now in LF: Dwayne Adams
Batting: RHB José Ramírez 0-0: Called Strike
0-1: Called Strike
0-2: Fly out, F8 (Line Drive, 8LM, EV 91.9 MPH)
Batting: LHB Brett Collins 0-0: Foul Ball, location: 2F
0-1: Swinging Strike
0-2: Strikes out looking
Batting: RHB Gerald Powers 0-0: Called Strike
0-1: Ground out 6-3 (Groundball, 6, EV 86.3 MPH)
Top of the 8th over - 0 runs, 0 hits, 0 errors, 0 left on base; Toronto 4 - Chicago 2
BOTTOM OF THE 8TH
Chicago Architects batting - Pitching for Toronto Maples : RHP Marx Kila
Pitching: RHP Orlando Méndez
Now at 1B: Virgil Litchfield
Now in RF: Israel Cortéz
Batting: RHB Ollie Lepage 0-0: Foul Ball, location: 5DF
0-1: Ball
1-1: SINGLE (Groundball, 56, EV 100.6 MPH) (infield hit)
Batting: LHB Milovan Jevtic 0-0: Ball
1-0: Ball
2-0: Ball
3-0: Base on Balls
Ollie Lepage to second
Batting: SHB Alejandro Colón 0-0: Ball
1-0: Bunted foul
1-1: Grounds into double play, 4-6-3 (Groundball, 4, EV 82.5 MPH)
Ollie Lepage to third
Pinch Hitting: LHB Karl Maurice 0-0: Ground out U3 (Groundball, 3S, EV 68.8 MPH)
Bottom of the 8th over - 0 runs, 1 hit, 0 errors, 1 left on base; Toronto 4 - Chicago 2
TOP OF THE 9TH
Toronto Maples batting - Pitching for Chicago Architects : RHP Emmett Dodman
Pitching: RHP Tsutomu Fukuda
Batting: RHB John McIlmoyle 0-0: Foul Ball, location: 2F
0-1: Fly out, F8 (Flyball, 8LD, EV 105.0 MPH)
Batting: LHB Lloyd Wilcox 0-0: Called Strike
0-1: Ball
1-1: Called Strike
1-2: Strikes out swinging
Batting: LHB Marcos González 0-0: Ball
1-0: Ball
2-0: Swinging Strike
2-1: Ball
3-1: Foul Ball, location: 7LDF
3-2: Base on Balls
Batting: RHB Kelly Kennealy 0-0: Foul Ball, location: 9LMF
0-1: Ball
1-1: Ground out 5-3 (Groundball, 5S, EV 81.9 MPH)
Top of the 9th over - 0 runs, 0 hits, 0 errors, 1 left on base; Toronto 4 - Chicago 2
BOTTOM OF THE 9TH
Chicago Architects batting - Pitching for Toronto Maples : RHP Orlando Méndez
Pitching: RHP Harry Gilroy
Now at C: Martin Useni
Batting: RHB Kent Noseworthy 0-0: Ball
1-0: Foul Ball, location: 7LMF
1-1: Ball
2-1: Swinging Strike
2-2: Strikes out swinging
Batting: RHB António Méndez 0-0: Called Strike
0-1: Ball
1-1: Fly out, F8 (Flyball, 78D, EV 99.4 MPH)
Batting: RHB Armando Gutiérrez 0-0: Called Strike
0-1: Swinging Strike
0-2: Strikes out looking
Bottom of the 9th over - 0 runs, 0 hits, 0 errors, 0 left on base; Toronto 4 - Chicago 2
Thursday, April 25th , 2024 - OOTP Baseball 24.10 Build 82